 Seeded DCSS version 0.31-a0-521-gc7390f8997 (webtiles) character file.

Game seed: 17143295287354701534 (custom seed)

1642 innerfire43 the Ruffian (level 8, -2/61 HPs)
             Began as a Gnoll Shapeshifter on Aug 10, 2023.
             Was an Initiate of Sif Muna.
             Slain by Edmund
             ... wielding a +4 dire flail of protection
              (8 damage)
             ... on level 6 of the Dungeon.
             The game lasted 00:05:15 (6095 turns).

innerfire43 the Ruffian (Gnoll Shapeshifter)        Turns: 6095, Time: 00:05:16

Health: -2/61      AC:  3    Str: 15    XL:     8   Next: 99%
Magic:  13/13      EV: 19    Int:  8    God:    Sif Muna [......]
Gold:   407        SH:  0    Dex: 14    Spells: 14/14 levels left

rFire   . .          .
                       - Unarmed
rCold   x . .        (shield currently unavailable)
rNeg    . . .        a - +0 animal skin
rPois   .            (no helmet)
rElec   +            u - +0 cloak
rCorr   .            (no gloves)
SInv    .            (no boots)
Will    .....        (no amulet)
Stlth   +            q - ring of Tomorrow {Fly rElec rC- EV+5}
HPRegen 0.30/turn    z - ring of wizardry
MPRegen 0.13/turn

%: wizardry (x1)
@: flux-form, attractive, flying, glowing
A: glow, contaminating, fangs 1, strong nose, distributed training
a: Begin Untransformation, Renounce Religion


You were on level 6 of the Dungeon.
You worshipped Sif Muna.
Sif Muna was noncommittal.
You were something dangerously unstable.
You visited 2 branches of the dungeon, and saw 7 of its levels.

You collected 407 gold pieces.

Inventory:

Missiles
 j - 2 throwing nets
Armour
 a - a +0 animal skin (worn)
 u - a +0 cloak (worn)
Jewellery
 q - the ring of Tomorrow (left hand) {Fly rElec rC- EV+5}
   (You found it on level 3 of the Dungeon)

   [ring of evasion]

   EV+5:      It affects your evasion (+5).
   rC-:       It makes you vulnerable to cold.
   rElec:     It insulates you from electricity.
   Fly:       It grants you flight.
 v - a ring of poison resistance
 z - a ring of wizardry (right hand)
 B - a +6 ring of intelligence
Talismans
 c - a beast talisman
 d - a flux talisman (active)
Wands
 m - a wand of mindburst (19)
 s - a wand of charming (10)
Scrolls
 e - 5 scrolls of teleportation {unknown}
 f - a scroll of torment {unknown}
 h - 3 scrolls of blinking {unknown}
 i - 5 scrolls of identify {unknown}
 k - 3 scrolls of noise {unknown}
 l - a scroll of fear {unknown}
 o - a scroll of acquirement {unknown}
 r - a scroll of amnesia {unknown}
 t - a scroll of immolation {unknown}
 y - a scroll of fog {unknown}
 A - 2 scrolls of enchant armour {unknown}
 C - a scroll of vulnerability {unknown}
 D - 2 scrolls of poison {unknown}
Potions
 b - a potion of lignification
 g - a potion of attraction
 n - 4 potions of haste {unknown}
 p - a potion of heal wounds {unknown}
 w - a potion of enlightenment {unknown}
 E - a potion of brilliance {unknown}


   Skills:
 + Level 4.6 Fighting
 + Level 3.8 Short Blades
 + Level 3.8 Long Blades
 + Level 3.8 Axes
 + Level 3.8 Maces & Flails
 + Level 3.8 Polearms
 + Level 3.8 Staves
 + Level 3.8 Ranged Weapons
 + Level 3.8 Throwing
 + Level 3.8 Armour
 + Level 6.0 Dodging
 + Level 3.8 Stealth
 + Level 3.8 Shields
 + Level 7.6 Unarmed Combat
 + Level 3.8 Spellcasting
 + Level 3.1 Conjurations
 + Level 3.1 Hexes
 + Level 3.1 Summonings
 + Level 3.1 Necromancy
 + Level 3.1 Translocations
 + Level 3.1 Transmutations
 + Level 3.1 Fire Magic
 + Level 3.1 Ice Magic
 + Level 3.1 Air Magic
 + Level 3.1 Earth Magic
 + Level 3.1 Poison Magic
 + Level 4.2 Invocations
 + Level 3.8 Evocations
 + Level 7.3 Shapeshifting


You had 14 spell levels left.
You didn't know any spells.
Your spell library contained the following spells:

 Spells                   Type           Power      Damage    Failure   Level
 Cigotuvi's Dreadful Rot  Necr/Pois/Air  12%        N/A       4%          2
 Ignite Poison            Fire/Tmut/Pois 6%         N/A       10%         3
 Dispel Undead            Necr           6%         3d8       32%         4
 Freezing Cloud           Conj/Ice/Air   3%         6-21      63%         5
 Death Channel            Necr           3%         N/A       99%         6


Dungeon Overview and Level Annotations

Branches:
Dungeon (6/15)             Temple (1/1) D:4

Altars:
Ashenzari
Cheibriados
Dithmenos
Fedhas
Gozag
Hepliaklqana
Kikubaaqudgha
Makhleb
Nemelex Xobeh
Ru
Sif Muna
Trog
Uskayaw
Vehumet
Wu Jian
Xom
Yredelemnul
Zin
The Shining One
Lugonu

Portals:
Abyss: D:1

Annotations:
D:6 Edmund


Innate Abilities, Weirdness & Mutations

You are something dangerously unstable.
You glow with magical radiation, making you easy to see and hit.
Foes you strike become dangerously contaminated with magical radiation.
You are incapable of wielding weapons or throwing items.
You have very sharp teeth.
Your uncanny sense of smell can sniff out nearby items.
Your experience applies equally to all skills.


Message History

Unknown command.
You barely miss Edmund. You bite Edmund, but do no damage.
Edmund is lightly wounded.
Unknown command.
You barely miss Edmund.
Edmund is lightly wounded.
Edmund hits you with a +4 dire flail of protection!
* * * LOW HITPOINT WARNING * * *
Unknown command.
It was a potion of attraction.
You feel attractive to monsters. Edmund barely misses you.
You are confused.
You feel invigorated. Edmund barely misses you.
You bump into the rock wall.
An orc comes into view. It is wielding a +0 dagger.
Edmund hits you with a +4 dire flail of protection.
* * * LOW HITPOINT WARNING * * *
The orc is attracted toward you.
You're too confused to move!
The orc shouts!
Edmund misses you. The orc is attracted toward you.
You're too confused to move!
You feel less invigorated.
You feel less confused. Edmund closely misses you.
Unknown command.
You hit Edmund but do no damage.
Edmund glows dangerously bright.
You bite Edmund, but do no damage.
Edmund is lightly wounded.
Edmund hits you with a +4 dire flail of protection!
* * * LOW HITPOINT WARNING * * *
You hit Edmund.
Edmund shudders as magic cascades through him!!
Edmund twists and deforms.
Edmund is severely wounded.
Edmund barely misses you.
You barely miss Edmund.
Edmund is severely wounded.
Edmund hits you with a +4 dire flail of protection!
You die...

. ... .....##########
.....o@B......#########
....#########.........#
# #########.# ######.##
#.......# #.####..#
#.##....# .....
#.##.##.# ....
#.##.##.#


You could see Edmund (misshapen) and an orc.

Vanquished Creatures
  Prince Ribbit (D:5)
  A water moccasin (D:6)
  An ice beast (D:6)
  A sky beast (D:6)
  A black bear (D:5)
  An ogre (D:5)
  A phantom (D:5)
  A bullfrog (D:5)
  4 scorpions
  A howler monkey (D:6)
  2 crimson imps (D:1)
  A quasit (D:1)
  4 hounds
  A jelly (D:5)
  Crazy Yiuf (D:3)
  An iguana (D:4)
  An iron imp (D:1)
  A sleepcap (D:5)
  Ijyb (D:3)
  6 adders
  5 shadow imps
  3 white imps
  An ufetubus (D:1)
  A worm (D:3)
  3 orcs
  3 ball pythons
  4 endoplasms
  2 giant cockroaches (D:1)
  5 goblins
  9 hobgoblins
  4 jackals (D:5)
  7 quokkas
  4 bats (D:1)
  4 frilled lizards
  9 kobolds
  6 rats
102 creatures vanquished.

Notes
Turn   | Place    | Note
-------+----------+-------------------------------------------
     0 | D:1      | innerfire43 the Gnoll Shapeshifter began the quest for the
                  | Orb.
     0 | D:1      | Reached XP level 1. HP: 17/17 MP: 1/1
   114 | D:1      | Found a large runed translucent door.
   114 | D:1      | Found a large runed translucent door.
   114 | D:1      | Found a one-way gate to the infinite horrors of the Abyss.
   115 | D:1      | Noticed a crimson imp
   116 | D:1      | Found a corrupted altar of Lugonu.
   116 | D:1      | Noticed an iron imp
   118 | D:1      | Noticed a crimson imp
   120 | D:1      | Noticed a quasit
   291 | D:1      | Reached XP level 2. HP: 23/23 MP: 2/2
   817 | D:1      | Reached XP level 3. HP: 28/28 MP: 3/3
  1120 | D:1      | Reached skill level 1 in Short Blades
  1120 | D:1      | Reached skill level 1 in Long Blades
  1120 | D:1      | Reached skill level 1 in Axes
  1120 | D:1      | Reached skill level 1 in Maces & Flails
  1120 | D:1      | Reached skill level 1 in Polearms
  1120 | D:1      | Reached skill level 1 in Staves
  1120 | D:1      | Reached skill level 1 in Ranged Weapons
  1120 | D:1      | Reached skill level 1 in Throwing
  1120 | D:1      | Reached skill level 1 in Armour
  1120 | D:1      | Reached skill level 1 in Stealth
  1120 | D:1      | Reached skill level 1 in Shields
  1120 | D:1      | Reached skill level 1 in Spellcasting
  1120 | D:1      | Reached skill level 1 in Invocations
  1120 | D:1      | Reached skill level 1 in Evocations
  1121 | D:1      | Reached skill level 1 in Conjurations
  1121 | D:1      | Reached skill level 1 in Hexes
  1121 | D:1      | Reached skill level 1 in Summonings
  1121 | D:1      | Reached skill level 1 in Necromancy
  1121 | D:1      | Reached skill level 1 in Translocations
  1121 | D:1      | Reached skill level 1 in Transmutations
  1121 | D:1      | Reached skill level 1 in Fire Magic
  1121 | D:1      | Reached skill level 1 in Ice Magic
  1121 | D:1      | Reached skill level 1 in Air Magic
  1121 | D:1      | Reached skill level 1 in Earth Magic
  1121 | D:1      | Reached skill level 1 in Poison Magic
  1121 | D:1      | Reached XP level 4. HP: 22/34 MP: 3/5
  1142 | D:1      | Reached XP level 5. HP: 16/40 MP: 4/7
  1516 | D:2      | Found a burning altar of Makhleb.
  1553 | D:2      | Reached XP level 6. HP: 41/47 MP: 8/8
  2617 | D:3      | Found a runed translucent door.
  2618 | D:3      | Noticed Crazy Yiuf
  2835 | D:3      | Identified the ring of Tomorrow {Fly rElec rC- EV+5}
  2847 | D:3      | Found a burning altar of Makhleb.
  2979 | D:3      | Noticed Ijyb
  2998 | D:3      | Killed Ijyb
  2999 | D:3      | Reached skill level 5 in Dodging
  3292 | D:3      | Killed Crazy Yiuf
  3712 | D:4      | Reached XP level 7. HP: 48/52 MP: 10/10
  3804 | D:4      | Found a sacrificial altar of Ru.
  3855 | D:4      | Found a staircase to the Ecumenical Temple.
  3897 | Temple   | Entered the Ecumenical Temple
  3906 | Temple   | Became a worshipper of Sif Muna the Loreminder
  3973 | D:4      | Found an ancient bone altar of Kikubaaqudgha.
  3973 | D:4      | Found a glowing golden altar of the Shining One.
  4468 | D:5      | Entered Level 5 of the Dungeon
  4954 | D:5      | Reached XP level 8. HP: 37/60 MP: 12/12
  5270 | D:5      | Noticed Prince Ribbit
  5292 | D:5      | Killed Prince Ribbit
  5759 | D:6      | Found a broken altar of Ashenzari.
  6077 | D:6      | Noticed Edmund
  6087 | D:6      | HP: 3/61 [Edmund/+4 dire flail of protection (17)]
  6095 | D:6      | Slain by Edmund

Illustrated notes

Levels and vault maps discovered:
D:1:      erik_arrival_cave_to_civilisation [erik_arrival_cave_to_temple],
          layout_basic, roderic_lattice_a, minmay_indecisive_spiral
D:2:      layout_basic, basic_altar
D:3:      layout_basic, amcnicky_altar_gilded, uniq_ijyb,
          uniq_crazy_yiuf_cottage
D:4:      kb_forest_paths, layout_gridville, nicolae_ru_awakened_eye,
          mainiacjoe_overflow_divided_tiny, temple_fountains
D:5:      layout_basic, uniq_prince_ribbit1
D:6:      layout_loops_cross, marbit_many_paths, lemuel_doored_altar,
          uniq_edmund
Temple:   eino_temple_lava

Skill      XL: |  1  2  3  4  5  6  7  8 |
---------------+-------------------------+-----
Short Blades   | 1 2 3 |  3.8
Long Blades    | 1 2 3 |  3.8
Axes           | 1 2 3 |  3.8
Maces & Flails | 1 2 3 |  3.8
Polearms       | 1 2 3 |  3.8
Staves         | 1 2 3 |  3.8
Ranged Weapons | 1 2 3 |  3.8
Throwing       | 1 2 3 |  3.8
Armour         | 1 2 3 |  3.8
Stealth        | 1 2 3 |  3.8
Shields        | 1 2 3 |  3.8
Spellcasting   | 1 2 3 |  3.8
Invocations    | 1 2 3 4 |  4.2
Evocations     | 1 2 3 |  3.8
Conjurations   | 1 2 3 |  3.1
Hexes          | 1 2 3 |  3.1
Summonings     | 1 2 3 |  3.1
Necromancy     | 1 2 3 |  3.1
Translocations | 1 2 3 |  3.1
Transmutations | 1 2 3 |  3.1
Fire Magic     | 1 2 3 |  3.1
Ice Magic      | 1 2 3 |  3.1
Air Magic      | 1 2 3 |  3.1
Earth Magic    | 1 2 3 |  3.1
Poison Magic   | 1 2 3 |  3.1
Fighting       | 3 4 |  4.6
Dodging        | 5 6 |  6.0
Unarmed Combat | 7 |  7.6
Shapeshifting  | 7 |  7.3

Action                     |  1- 3 |  4- 6 |  7- 9 || total
---------------------------+-------+-------+-------++-------
  Melee: Unarmed           |    71 |   174 |   145 ||   390
         Punch             |     1 |       |       ||     1
         Bite              |     7 |    16 |    25 ||    48
    Use: Potion            |       |     1 |     2 ||     3
   Stab: Sleeping          |       |     2 |       ||     2
 Armour: Animal skin       |    18 |     6 |    16 ||    40
  Dodge: Dodged            |    65 |   115 |    88 ||   268
   Form: Flux              |     1 |       |       ||     1

Table legend: (Time is in decaauts)
 A = Elapsed time spent in this place.
 B = Non-inter-level travel time spent in this place.
 C = Inter-level travel time spent in this place.
 D = Time resting spent in this place.
 E = Time spent auto-exploring this place.
 F = Levels seen in this place.
 G = Mean time per level.
                   A        B        C        D        E       F      G
               +--------+--------+--------+--------+--------+-----+--------+
         Total |   6044 |   5698 |    346 |      0 |   4955 |   7 |  863.4 |
       Dungeon |   6026 |   5696 |    330 |      0 |   4955 |   6 | 1004.3 |
        Temple |     18 |      2 |     16 |      0 |      0 |   1 |   18.0 |
               +--------+--------+--------+--------+--------+-----+--------+

Top non-repeatable levels by time:
     D:1: 1348 daAuts
     D:5: 1178 daAuts
     D:2: 1108 daAuts
     D:4: 1085 daAuts
     D:3: 872 daAuts
     D:6: 432 daAuts
  Temple: 18 daAuts
